 Dungeon Crawl Stone Soup version 0.20.1-1-g8b1a95d (webtiles) character file.

519 polve the Chopper (level 7, -2/66 HPs)
             Began as a Hill Orc Fighter on July 13, 2017.
             Blown up by Ijyb (13 damage)
             ... with a wand of disintegration (?/24)
             ... on level 4 of the Dungeon.
             The game lasted 00:03:00 (3039 turns).

polve the Chopper (Hill Orc Fighter)                Turns: 3039, Time: 00:03:01

Health: -2/66      AC: 12    Str: 24    XL:     7   Next: 21%
Magic:  7/7        EV:  4    Int:  8    God:
Gold:   166        SH: 10    Dex: 16    Spells: 6/6 levels left

rFire    . . .     SeeInvis .   a - +0 war axe
rCold    . . .     Gourm    .   c - +0 shield
rNeg     . . .     Faith    .   y - +0 plate armour
rPois    .         Spirit   .   (no helmet)
rElec    .         Reflect  .   o - +0 cloak
rCorr    .         Harm     .   (no gloves)
MR       .....                  (no boots)
Stlth    ..........             (no amulet)
Regen    0.3/turn               x - +4 ring of dexterity
MPRegen  0.1/turn               (no ring)

@: mighty, lethally poisoned (-2 -> -23)
A: no striking features
a: no special abilities


You were on level 4 of the Dungeon.
You were not hungry.

You visited 1 branch of the dungeon, and saw 4 of its levels.

You collected 166 gold pieces.

Inventory:

Hand Weapons
 a - a +0 war axe (weapon)
Armour
 c - a +0 shield (worn)
 o - a +0 cloak (worn)
 y - a +0 plate armour (worn)
Jewellery
 x - a +4 ring of dexterity (left hand)
Scrolls
 e - a scroll of fog {unknown}
 g - a scroll of immolation {unknown}
 j - a scroll of magic mapping {unknown}
 k - 2 scrolls of remove curse {unknown}
 l - 2 scrolls of blinking {unknown}
 q - 2 scrolls of teleportation {unknown}
 s - 4 scrolls of identify {unknown}
Potions
 b - a potion of curing {unknown}
 i - a potion of brilliance {unknown}
 m - 3 potions of degeneration {unknown}
 n - a potion of haste {unknown}
 r - a potion of heal wounds {unknown}
 t - a potion of agility {unknown}
 u - a potion of cancellation {unknown}
 w - a potion of flight {unknown}
Comestibles
 f - 4 bread rations
 h - 4 fruits
 p - 2 meat rations
 v - 8 chunks of flesh


   Skills:
 + Level 7.1 Fighting
 + Level 7.5 Axes
 - Level 3.2 Armour
 - Level 3.2 Shields


You had 6 spell levels left.
You didn't know any spells.

Dungeon Overview and Level Annotations

Branches:
Dungeon (4/15)
 Temple: D:4-7

Altars:
Dithmenos

Annotations:
D:4 Ijyb


Message History

You are more poisoned.
You slice Ijyb!!
Ijyb is severely wounded.
You feel sick.
Ijyb zaps a wand.
You are blasted!
* * * LOW HITPOINT WARNING * * *
You closely miss Ijyb.
Ijyb is severely wounded.
* * * LOW HITPOINT WARNING * * *
You feel sick. You block Ijyb's attack.
Your shield and plate armour prevent you from hitting Ijyb.
Ijyb is severely wounded.
* * * LOW HITPOINT WARNING * * *
You feel sick. Ijyb hits you but does no damage.
You are lethally poisoned!
You barely miss Ijyb.
Ijyb is severely wounded.
* * * LOW HITPOINT WARNING * * *
You feel very sick.
Ijyb zaps a wand.
You are blasted!
You die...

. ....#######
......g@..##
....#####..# . ##.##
##########..## ...
.............##.# #.#
.............##.# #.#
.............##.###.#
........)....#...##.#
.............#...##.#


You could see Ijyb.

Vanquished Creatures
  Sigmund (D:4)
  An ogre (D:4)
  A big kobold (D:3)
  2 orc wizards
  Jessica (D:2)
  3 adders
  3 oozes
  3 dart slugs
  A leopard gecko (D:2)
  6 orcs
  A ball python (D:4)
  9 bats
  5 giant cockroaches
  6 goblins
  4 hobgoblins
  14 kobolds
  5 frilled lizards
  4 rats
70 creatures vanquished.

Notes
Turn   | Place    | Note
-------+----------+-------------------------------------------
     0 | D:1      | polve the Hill Orc Fighter began the quest for the Orb.
     0 | D:1      | Reached XP level 1. HP: 19/19 MP: 1/1
   229 | D:1      | Reached XP level 2. HP: 24/27 MP: 2/2
   425 | D:1      | Reached XP level 3. HP: 33/33 MP: 3/3
   757 | D:2      | Found a faded altar of an unknown god.
   936 | D:2      | Noticed Jessica
   939 | D:2      | Killed Jessica
   939 | D:2      | Reached XP level 4. HP: 41/41 MP: 4/4
  1324 | D:2      | Found a shadowy altar of Dithmenos.
  1690 | D:3      | Reached skill level 5 in Fighting
  1939 | D:3      | Reached skill level 5 in Axes
  1988 | D:3      | Noticed a big kobold
  2008 | D:3      | Killed a big kobold
  2008 | D:3      | Reached XP level 5. HP: 38/49 MP: 5/5
  2312 | D:3      | Reached XP level 6. HP: 54/57 MP: 6/6
  2920 | D:4      | Noticed Sigmund
  2929 | D:4      | Killed Sigmund
  2929 | D:4      | Reached XP level 7. HP: 46/66 MP: 7/7
  3029 | D:4      | Noticed Ijyb
  3039 | D:4      | Blown up by Ijyb

Skill      XL: |  1  2  3  4  5  6 |
---------------+-------------------+-----
Axes           | 3 4 5 6 7 |  7.5
Fighting       | 4 5 7 |  7.1
Armour         | |  3.2
Shields        | |  3.2

Action                   |  1- 3 |  4- 6 |  7- 9 || total
-------------------------+-------+-------+-------++-------
Melee: War axe           |    65 |   166 |     7 ||   238
  Use: Potion            |       |       |     1 ||     1
  Eat: Chunk             |       |     7 |       ||     7
Armor: Scale mail        |    27 |    14 |       ||    41
       Plate armour      |       |    67 |     3 ||    70
Dodge: Dodged            |    20 |    29 |       ||    49
Block: Shield            |    32 |    75 |     1 ||   108
